 Dungeon Crawl Stone Soup version 0.27.1-3-gb3d3a73c9e (webtiles) character file.

Game seed: 6754028988733322112

363 pkoi the Ruffian (level 6, -1/51 HPs)
             Began as a Draconian Monk on Oct 26, 2021.
             Slain by a scorpion (7 damage)
             ... on level 5 of the Dungeon.
             The game lasted 00:04:32 (4410 turns).

pkoi the Ruffian (Draconian Monk)                   Turns: 4410, Time: 00:04:32

Health: -1/51      AC: -6    Str: 15    XL:     6   Next: 39%
Magic:  6/6        EV: 13    Int: 10    God:
Gold:   220        SH:  0    Dex: 14    Spells: 5/5 levels left

rFire    + . .     SeeInvis +     - Unarmed
rCold    . . .     Faith    .   (no shield)
rNeg     . . .     Spirit   .   (armour unavailable)
rPois    .         Reflect  .   (helmet restricted)
rElec    .         Harm     .   (no cloak)
rCorr    .         Rampage  .   (no gloves)
Will     .....                  (no boots)
Stlth    ++........             (no amulet)
HPRegen  0.17/turn              e - ring of see invisible
MPRegen  0.10/turn              f - ring of protection from fire

@: lethally poisoned (-1 -> -3), corroded
A: AC +6, unfitting armour, cold-blooded
a: no special abilities


You were on level 5 of the Dungeon.
You visited 2 branches of the dungeon, and saw 6 of its levels.

You collected 220 gold pieces.

Inventory:

Missiles
 b - 7 boomerangs (quivered)
Jewellery
 e - a ring of see invisible (left hand)
 f - a ring of protection from fire (right hand)
Scrolls
 h - a scroll of blinking {unknown}
Potions
 a - 2 potions of curing
 c - a potion of resistance
 d - 2 potions of flight
 g - a potion of might


   Skills:
 - Level 3.2 Fighting
 + Level 4.3 Dodging
 - Level 1.7 Stealth
 * Level 6.2 Unarmed Combat


You had 5 spell levels left.
You didn't know any spells.
Your spell library contained the following spells:

 Spells                   Type           Power      Damage    Failure   Level
 Animate Skeleton         Necr           0%         N/A       36%         1
 Apportation              Tloc           0%         N/A       36%         1
 Corona                   Hex            0%         N/A       36%         1
 Summon Small Mammal      Summ           0%         N/A       36%         1
 Petrify                  Tmut/Erth      0%         N/A       98%         4
 Metabolic Englaciation   Hex/Ice        0%         N/A       100%        5
 Statue Form              Tmut/Erth      0%         N/A       100%        6


Dungeon Overview and Level Annotations

Branches:
Dungeon (5/15)             Temple (1/1) D:4

Altars:
Ashenzari
Dithmenos
Fedhas
Gozag
Hepliaklqana
Kikubaaqudgha
Makhleb
Nemelex Xobeh
Qazlal
Ru
Sif Muna
Trog
Uskayaw
Wu Jian
Yredelemnul
The Shining One

Annotations:
D:5 Sigmund


Innate Abilities, Weirdness & Mutations

Your plain brown scales are hard. (AC +6)
You cannot fit into any form of body armour.
You are cold-blooded and may be slowed by cold attacks.


Message History

The jelly barely misses you.
You hit the jelly.
Your hands burn!
The jelly is lightly wounded.
The jelly closely misses you.
You punch the jelly!
Your hands burn!
The jelly is severely wounded.
The jelly hits you but does no damage.
You barely miss the jelly.
The jelly is severely wounded.
The jelly closely misses you.
You hit the jelly but do no damage. The acid corrodes you!
Your hands burn!
The jelly is severely wounded.
The jelly hits you.
You are splashed with acid.
You hit the jelly but do no damage. The acid corrodes you!
Your hands burn!
The jelly is severely wounded.
The jelly hits you. The acid corrodes you!
You are splashed with acid!
* * * LOW HITPOINT WARNING * * *
You hit the jelly.
Your hands burn!
* * * LOW HITPOINT WARNING * * *
The jelly is almost dead.
The jelly barely misses you.
You hit the jelly.
You kill the jelly!
A scorpion comes into view.
Found a scroll labelled TAYXIO ORPHE.
Found a stone staircase leading down.
A scorpion is nearby!
You start resting.
A scorpion is nearby!
The scorpion stings you!
* * * LOW HITPOINT WARNING * * *
The scorpion stings you.
* * * LOW HITPOINT WARNING * * *
You are poisoned.
The scorpion poisons you!
You feel very sick.
You feel sick.
You feel sick.
You feel sick.
You feel sick. The scorpion stings you!
You die...

##.###.........# #.#
#########.# #.# #.# ##'## #.#
##...## #.# ## ##.....##
######.## .## ##.......#
#.......#
..####.........##.#.....#######
.....'.........+@s.............
..####.........##.....#.#######
.## ##.......###..#.#...## ##
##.....## #.........## ##...##
#...8.8....# ######
##+######.8.....8..# .....#
#..................## ####.#
#..#####...##+##....# ## #.#
#..##.....## ##.#.#


You could see a scorpion.

Vanquished Creatures
  A phantom (D:4)
  A jelly (D:5)
  A hound (D:5)
  Ijyb (D:3)
  Terence (D:3)
  A hound skeleton (D:4)
  9 adders
  2 dart slugs
  5 orcs
  7 endoplasms
  A giant cockroach (D:4)
  6 goblins
  5 hobgoblins
  9 jackals
  2 quokkas
  9 ball pythons
  6 bats
  A frilled lizard (D:3)
  5 kobolds
  7 rats
80 creatures vanquished.

Notes
Turn   | Place    | Note
-------+----------+-------------------------------------------
     0 | D:1      | pkoi the Draconian Monk began the quest for the Orb.
     0 | D:1      | Reached XP level 1. HP: 19/19 MP: 1/1
   314 | D:1      | Reached XP level 2. HP: 26/26 MP: 2/2
  1048 | D:2      | Reached XP level 3. HP: 31/31 MP: 3/3
  1090 | D:2      | Reached skill level 4 in Unarmed Combat
  1680 | D:2      | Reached XP level 4. HP: 38/38 MP: 4/4
  2351 | D:3      | Noticed Ijyb
  2371 | D:3      | Paralysed by Ijyb for 7 turns
  2383 | D:3      | Paralysed by Ijyb for 4 turns
  2393 | D:3      | Killed Ijyb
  2508 | D:3      | Found a faded altar of an unknown god.
  2901 | D:3      | Reached skill level 5 in Unarmed Combat
  2901 | D:3      | Reached XP level 5. HP: 45/45 MP: 5/5
  3271 | D:3      | Noticed Terence
  3286 | D:3      | Killed Terence
  3347 | D:3      | Found a burning altar of Makhleb.
  3422 | D:4      | Noticed a phantom
  3433 | D:4      | Killed a phantom
  3546 | D:4      | Found a stormy altar of Qazlal.
  3555 | D:4      | Reached XP level 6. HP: 51/51 MP: 6/6
  3618 | D:4      | Found a staircase to the Ecumenical Temple.
  3644 | Temple   | Entered the Ecumenical Temple
  4211 | D:4      | Reached skill level 6 in Unarmed Combat
  4248 | D:5      | Entered Level 5 of the Dungeon
  4353 | D:5      | Noticed Sigmund
  4410 | D:5      | Slain by a scorpion

Illustrated notes

Levels and vault maps discovered:
D:1:      dpeg_arrival_line_fractal, layout_loops_ring,
          minmay_shallow_snake_nest
D:2:      layout_loops_ring, kennysheep_generic_room_7
D:3:      kennysheep_big_flooded_room, layout_loops_ring,
          lightli_temple_of_fire, shapermc_ecumenical_altar_venn,
          kennysheep_pointless_box, uniq_terence, uniq_ijyb
D:4:      layout_rooms, old_standard_altar, minmay_temple_entry_tees,
          nicolae_ossuary_entry_plus
D:5:      layout_loops_corners, zin_statuary, st_stairs_5, guppyfry_shop_venom,
          uniq_sigmund
Temple:   eino_temple_water

Skill      XL: |  1  2  3  4  5  6 |
---------------+-------------------+-----
Dodging        | 3 4 |  4.3
Unarmed Combat | 4 5 6 |  6.2
Fighting       | |  3.2
Stealth        | |  1.7

Action                   |  1- 3 |  4- 6 || total
-------------------------+-------+-------++-------
Melee: Unarmed           |    98 |   165 ||   263
       Tailslap          |     9 |    17 ||    26
       Punch             |     1 |     2 ||     3
  Use: Scroll            |       |     7 ||     7
       Potion            |       |     2 ||     2
 Stab: Sleeping          |     4 |     6 ||    10
       Distracted        |       |     1 ||     1
Armor: Skin              |    24 |    49 ||    73
Dodge: Dodged            |    56 |    95 ||   151
